 Dungeon Crawl Stone Soup version 0.20.1-1-g8b1a95d (webtiles) character file.

124788 raph the Devastator (level 16, -2/94 HPs)
             Began as a Deep Elf Fire Elementalist on Oct 3, 2017.
             Was the Champion of Vehumet.
             Killed from afar by Nikola (43 damage)
             ... with a bolt of lightning
             ... on level 1 of the Swamp on Oct 4, 2017.
             The game lasted 02:32:36 (38248 turns).

raph the Devastator (Deep Elf Fire Elementalist)   Turns: 38248, Time: 02:32:38

Health: -2/94      AC: 28    Str: 12    XL:     16   Next: 40%
Magic:  21/44      EV: 14    Int: 30    God:    Vehumet [******]
Gold:   1178       SH:  7    Dex: 13    Spells: 0/41 levels left

rFire    + + .     SeeInvis .   a - +5 flail "Irimongie" {protect, +Rage rC+ Str+3 Int+3}
rCold    . . .     Gourm    +   h - +2 buckler
rNeg     . . .     Faith    .   g - +1 fire dragon scales
rPois    +         Spirit   .   d - +1 helmet
rElec    .         Reflect  .   n - +2 cloak
rCorr    .         Harm     .   m - +3 pair of gloves of Cyepneetwu {+Blink rPois Str+3 Dex-2}
MR       +....                  E - +0 pair of boots
Stlth    ..........             F - amulet of the gourmand
Regen    0.3/turn               v - ring of magical power
MPRegen  0.3/turn               L - +5 ring of protection

@: no status effects
A: no striking features
a: Renounce Religion, Evoke Blink, Evoke Berserk Rage


You were on level 1 of the Swamp.
You worshipped Vehumet.
Vehumet was exalted by your worship.
You were full.

You visited 4 branches of the dungeon, and saw 24 of its levels.
You also visited: Ossuary and Volcano.

You collected 3643 gold pieces.
You spent 2465 gold pieces at shops.

Inventory:

Hand Weapons
 a - the +5 flail "Irimongie" (weapon) {protect, +Rage rC+ Str+3 Int+3}
   (You found it on level 14 of the Dungeon)

   It protects the one who uses it against injury (+AC on strike).
   It affects your strength (+3).
   It affects your intelligence (+3).
   It protects you from cold.
   It lets you go berserk.
 i - a +0 scimitar of protection
 l - the +6 mace of Crystal {flame, *Rage +Inv rPois Str+3}
   (You found it on level 14 of the Dungeon)

   It has been specially enchanted to burn those struck by it, causing extra
   injury to most foes and up to half again as much damage against particularly
   susceptible opponents.
   It affects your strength (+3).
   It protects you from poison.
   It lets you turn invisible.
   It may make you go berserk in combat.
 G - a +0 long sword of holy wrath
Missiles
 z - 13 javelins (quivered)
Armour
 d - a +1 helmet (worn)
 g - +1 fire dragon scales (worn)
 h - a +2 buckler (worn)
 m - the +3 pair of gloves of Cyepneetwu (worn) {+Blink rPois Str+3 Dex-2}
   (You bought it in a shop on level 2 of the Orcish Mines)

   It affects your strength (+3).
   It affects your dexterity (-2).
   It protects you from poison.
   It lets you blink.
 n - a +2 cloak (worn)
 q - the +4 skin of Zhor {rC+++}
   (You found it on level 1 of the Lair of Beasts)

   It renders you almost immune to cold.
 E - a +0 pair of boots (worn)
 T - the +4 robe of Ulugh {MR+ rCorr Int+2 Dex+2}
   (You found it on level 9 of the Dungeon)

   It affects your intelligence (+2).
   It affects your dexterity (+2).
   It affects your resistance to hostile enchantments.
   It protects you from acid and corrosion.
Magical Staves
 b - an uncursed staff of energy
Jewellery
 v - a ring of magical power (left hand)
 y - an uncursed ring of protection from cold
 F - an amulet of the gourmand (around neck)
 J - an uncursed ring of protection from fire
 L - a +5 ring of protection (right hand)
 O - the ring of Autumn {rF+ EV+2}
   (You found it on level 6 of the Lair of Beasts)

   [ring of evasion]

   It affects your evasion (+2).
   It protects you from fire.
Wands
 t - a wand of paralysis (14/24)
 M - a wand of iceblast (8/15)
 N - a wand of lightning (8/15)
 P - a wand of enslavement (15/24)
 X - a wand of acid (8/15)
Scrolls
 f - 13 scrolls of teleportation
 k - a scroll of immolation
 H - a scroll of silence
 I - 9 scrolls of identify
 Q - a scroll of recharging
 V - 10 scrolls of remove curse
 Z - 2 scrolls of amnesia
Potions
 e - 5 potions of heal wounds
 o - a potion of brilliance
 p - 3 potions of haste
 r - 6 potions of curing
 s - a potion of resistance
 u - 2 potions of agility
 x - 4 potions of invisibility
 B - 2 potions of cancellation
 C - 3 potions of flight
 D - 7 potions of might
 S - a potion of magic
Books
 A - a book of Geomancy

   Spells                             Type                      Level
   a - Sandblast                      Earth                        1
   b - Passwall                       Transmutation/Earth          2
   c - Stone Arrow                    Conjuration/Earth            3
   d - Petrify                        Transmutation/Earth          4
   e - Lee's Rapid Deconstruction     Earth                        5
 K - a book of Battle

   Spells                             Type                      Level
   a - Infusion                       Charms                       1
   b - Shroud of Golubria             Charms/Translocation         2
   c - Song of Slaying                Charms                       2
   d - Spectral Weapon                Hexes/Charms                 3
   e - Regeneration                   Charms/Necromancy            3
Miscellaneous
 w - a sack of spiders
 R - a phantom mirror
 Y - a lamp of fire
Comestibles
 c - 13 bread rations
 j - a royal jelly


   Skills:
 + Level 8.5 Fighting
 * Level 9.0 Armour
 + Level 12.1 Dodging
 - Level 2.4 Stealth
 - Level 5.5 Shields
 + Level 13.3 Spellcasting
 * Level 15.2 Conjurations
 + Level 14.6 Fire Magic
 + Level 5.9 Earth Magic
 + Level 2.0 Poison Magic
 + Level 6.9 Evocations


You couldn't memorise any spells.
You knew the following spells:

 Your Spells              Type           Power        Failure   Level  Hunger
a - Flame Tongue          Conj/Fire      #####        1%          1    None
b - Bolt of Magma         Conj/Fire/Erth #######...   1%          5    None
c - Conjure Flame         Conj/Fire      #######.     1%          3    None
d - Poison Arrow          Conj/Pois      ######....   16%         6    ####...
e - Sticky Flame          Conj/Fire      #######.     1%          4    None
f - Searing Ray           Conj           ######       1%          2    None
g - Fireball              Conj/Fire      #######...   1%          5    None
h - Stone Arrow           Conj/Erth      ######       1%          3    None
i - Force Lance           Conj/Tloc      ######..     1%          4    None
j - Bolt of Fire          Conj/Fire      #######...   1%          6    ####...
k - Shroud of Golubria    Chrm/Tloc      ###.......   21%         2    None


Dungeon Overview and Level Annotations

Branches:
Dungeon (15/15)            Temple (0/1) D:7            Lair (6/6) D:8
  Swamp (1/4) Lair:4       Spider (0/4) Lair:3        Slime (0/5) Lair:6
    Orc (2/2) D:9             Elf (0/3) Orc:2        Vaults (0/5) D:13
 Depths (0/5) D:15

Altars:
Ashenzari
Dithmenos
Elyvilon
Gozag
Hepliaklqana
Makhleb
Ru
Trog
Uskayaw
Vehumet
Xom
Yredelemnul
Zin
Beogh

Shops:
D:7 %   D:8 [   D:9 *   D:14 !   D:15 =   Orc:2 [:*=

Annotations:
Swamp:1 Nikola


Message History

Nikola is heavily wounded.
Casting: Fireball
Confirm with . or Enter, or press ? or * to list all spells.
Aiming: Fireball
Press: ? - help, Shift-Dir - straight line, f - Nikola
Aim: Nikola, wielding a rapier of electrocution, wearing a cloak and wearing a pair of gloves (steam, heavily wounded)
The fireball explodes!
The fireball engulfs Nikola.
Nikola is heavily wounded.
Casting: Fireball
Confirm with . or Enter, or press ? or * to list all spells.
Aiming: Fireball
Press: ? - help, Shift-Dir - straight line, f/p - Nikola
Aim: Nikola, wielding a rapier of electrocution, wearing a cloak and wearing a pair of gloves (steam, heavily wounded)
The fireball explodes!
The fireball engulfs Nikola.
Nikola is severely wounded.
Nikola is engulfed in a cloud of scalding steam.
Nikola asks, "Are you insulated?" Nikola gestures at you while chanting.
The bolt of lightning hits you!
You die...

♣♣.≈≈≈..§♣♣♣♣≈♣>.♣♣^..≈.≈
♣≈....≈.≈♣≈♣♣..♣♣..♣..≈≈≈
♣♣..♣......♣♣♣♣♣≈...♣
♣.......≈..♣ ♣♣♣...♣
♣.....^≈≈≈†♣ ♣♣..≈.≈♣ ♣♣♣
♣....†≈≈≈≈<♣ ♣...≈.♣♣♣...
♣♣≈.≈≈≈...♣♣
♣♣♣..§.≈..≈.≈ ♣♣.≈≈≈..♣♣
♣♣♣♣.≈[..§≈≈≈≈ ♣♣♣≈♣♣♣♣
♣♣...@..≈≈.≈≈≈. ♣♣♣
♣.≈≈≈...≈.♣♣...
♣≈≈≈...........
♣.≈≈.≈≈≈.....≈≈
♣.≈≈≈$≈≈≈.≈..≈
../≈§§......≈≈..
...≈≈§@(.........
.....@§§♣.≈≈≈..♣.
...♣♣≈≈♣♣≈§≈≈..§.


You could see Nikola.

Vanquished Creatures
  Rupert (D:14)
  Frances (D:14)
  A frost giant (D:15)
  The ghost of kalagan the Geomancer, a journeyman GrEE of Hepliaklqana (Lair:4)
  2 dire elephants (Lair:4)
  Snorg (Lair:6)
  Josephine (Lair:6)
  A fire dragon (Lair:6)
  Erolcha (D:13)
  17 hydras
  11 two-headed ogres
  A dancing weapon (Volcano)
  5 tengu warriors
  3 centaur warriors
  3 death yaks (Lair:2)
  A queen ant (D:8)
  A death knight (D:13)
  3 orc high priests (Orc:2)
  The ghost of Fairytaker the Grappler, a novice TrHu of Okawaru (D:7)
  Sonja (Lair:4)
  The ghost of Britaniac the Basher, a novice OgGl (D:8)
  7 skeletal warriors
  4 unseen horrors
  5 wizards (Volcano)
  2 lindwurms
  A necromancer (D:13)
  6 orc knights (Orc:2)
  5 orc sorcerers (Orc:2)
  5 deep elf magi
  17 ugly things
  3 cyclopes
  An oklob plant (Lair:2)
  5 toenail golems (Volcano)
  3 elephants (Lair:5)
  A guardian serpent (D:12)
  2 molten gargoyles (Lair:6)
  3 gargoyles (D:10)
  9 black mambas
  10 spiny frogs
  2 torpor snails
  7 rime drakes
  6 komodo dragons
  3 kobold demonologists
  2 yaktaurs (D:15)
  An efreet (D:15)
  4 freezing wraiths
  The ghost of Thaneod the Magician, a novice DEFE of Vehumet (D:6)
  3 meliai (D:14)
  2 polar bears
  7 slime creatures
  4 trolls
  Prince Ribbit (D:5)
  7 blink frogs (Lair:5)
  3 hornets
  11 hippogriffs
  Sigmund (D:6)
  3 redbacks (Lair:3)
  8 wyverns
  2 shadows
  A vampire (D:13)
  A spriggan (D:8)
  Grum (Lair:1)
  47 yaks
  4 wraiths
  4 steam dragons
  9 basilisks
  A warg (Orc:1)
  2 vampire mosquitoes (D:15)
  Menkaure (D:6)
  4 hungry ghosts
  A swamp worm (Swamp:1)
  3 acid dragons
  5 hell hounds (Lair:6)
  8 soldier ants
  Duvessa (D:6)
  7 porcupines
  12 water moccasins
  5 black bears
  A hornet zombie (D:14)
  33 orc warriors
  An ice beast (D:9)
  6 sky beasts
  13 ogres
  An eye of draining (D:13)
  A phantom (D:11)
  8 wolves
  17 centaurs
  16 crocodiles
  3 big kobolds (D:11)
  28 bullfrogs
  Dowan (D:6)
  A wyvern skeleton (D:10)
  A water moccasin skeleton (D:4)
  7 scorpions
  9 killer bees
  23 wights
  3 howler monkeys
  2 electric eels (Lair:4)
  6 crimson imps
  2 bullfrog zombies
  4 centaur zombies
  2 quasits
  5 jellies
  4 lava snakes (Lair:6)
  10 hounds
  6 centaur skeletons
  13 orc priests
  4 bullfrog skeletons
  5 iguanas
  Terence (D:2)
  26 orc wizards
  35 worker ants
  A hound skeleton (D:9)
  5 mummies (Ossuary)
  A howler monkey zombie (D:7)
  2 worker ant zombies
  14 adders
  6 shadow imps
  An ooze (D:2)
  An adder skeleton (D:9)
  3 dart slugs (D:1)
  3 leopard geckos
  89 orcs
  5 giant cockroaches
  2 gnoll zombies (Ossuary)
  13 hobgoblins
  14 jackals
  7 quokkas
  4 ball pythons
  4 bats
  4 frilled lizards
  3 goblins
  2 goblin zombies (Ossuary)
  2 hobgoblin zombies (Ossuary)
  A jackal skeleton (D:8)
  23 kobolds
  A leopard gecko skeleton (D:4)
  An orc zombie (Ossuary)
  A quokka zombie (D:8)
  8 rats
  4 fungi
  4 plants
869 creatures vanquished.

Vanquished Creatures (others)
  A worm (D:2)
  A bat (D:2)
  A goblin (D:2)
  A rat (D:2)
  12 fungi
  15 plants
  12 toadstools (Lair:4)
43 creatures vanquished.

Grand Total: 912 creatures vanquished

Notes
Turn   | Place    | Note
-------+----------+-------------------------------------------
     0 | D:1      | raph the Deep Elf Fire Elementalist began the quest for the Orb.
     0 | D:1      | Reached XP level 1. HP: 10/10 MP: 6/6
   352 | D:1      | Reached XP level 2. HP: 16/16 MP: 4/8
   390 | D:1      | Learned a level 2 spell: Throw Flame
  1252 | D:1      | Reached XP level 3. HP: 20/20 MP: 7/10
  1334 | D:2      | Learned a level 3 spell: Conjure Flame
  1338 | D:2      | Learned a level 3 spell: Inner Flame
  1351 | D:2      | Found a radiant altar of Vehumet.
  1382 | D:2      | Became a worshipper of Vehumet
  1727 | D:2      | Noticed Terence
  1789 | D:2      | Killed Terence
  1789 | D:2      | Reached skill level 2 in Conjurations
  1856 | D:2      | Reached XP level 4. HP: 24/24 MP: 0/11
  3666 | D:3      | Found a hide-covered altar of Uskayaw.
  3711 | D:3      | Found a sacrificial altar of Ru.
  3751 | D:3      | Found a white marble altar of Elyvilon.
  3820 | D:4      | Reached skill level 1 in Fighting
  3820 | D:4      | Reached XP level 5. HP: 23/29 MP: 13/13
  3831 | D:4      | Reached skill level 3 in Conjurations
  4145 | D:4      | Reached XP level 6. HP: 34/34 MP: 14/14
  4196 | D:4      | Learned a level 4 spell: Sticky Flame
  4405 | D:4      | Found a glowing silver altar of Zin.
  4426 | D:4      | Reached skill level 5 in Fire Magic
  4463 | D:4      | Reached * piety under Vehumet
  4463 | D:4      | Offered knowledge of Freeze by Vehumet.
  4860 | D:5      | Entered Level 5 of the Dungeon
  5015 | D:5      | Reached skill level 4 in Conjurations
  5085 | D:5      | Reached XP level 7. HP: 38/38 MP: 12/16
  5252 | D:5      | Reached skill level 1 in Armour
  5349 | D:5      | Found a sand-covered staircase.
  5355 | Ossuary  | Entered an ossuary
  5406 | Ossuary  | Reached skill level 5 in Spellcasting
  5762 | D:5      | Reached ** piety under Vehumet
  5762 | D:5      | Offered knowledge of Searing Ray by Vehumet.
  5783 | D:5      | Learned a level 2 spell: Searing Ray
  5872 | D:5      | Noticed Prince Ribbit
  5880 | D:5      | Killed Prince Ribbit
  5946 | D:5      | Reached skill level 5 in Conjurations
  6286 | D:6      | Noticed Dowan
  6288 | D:6      | Noticed Duvessa
  6420 | D:6      | Reached XP level 8. HP: 44/44 MP: 18/18
  6421 | D:6      | Noticed Sigmund
  6434 | D:6      | Killed Sigmund
  6650 | D:6      | Noticed Thaneod's ghost (novice DEFE)
  6722 | D:6      | Killed Duvessa
  6722 | D:6      | Reached skill level 5 in Dodging
  6724 | D:6      | Killed Dowan
  7021 | D:7      | Noticed Fairytaker's ghost (novice TrHu)
  7170 | D:7      | Killed Fairytaker's ghost
  7170 | D:7      | Reached skill level 6 in Conjurations
  7170 | D:7      | Reached XP level 9. HP: 40/49 MP: 20/20
  7211 | D:7      | Learned a level 5 spell: Fireball
  7247 | D:7      | Found Lere Leiw's Food Shoppe.
  7764 | D:7      | Found a staircase to the Ecumenical Temple.
  8086 | D:7      | Found a burning altar of Makhleb.
  8086 | D:7      | Found a bloodstained altar of Trog.
  8182 | D:7      | Reached skill level 7 in Conjurations
  8263 | D:8      | Offered knowledge of Stone Arrow by Vehumet.
  8692 | D:8      | Noticed Britaniac's ghost (novice OgGl)
  8696 | D:8      | Killed Britaniac's ghost
  8914 | D:8      | Reached skill level 8 in Conjurations
  8949 | D:8      | Reached *** piety under Vehumet
  9376 | D:8      | Reached XP level 10. HP: 45/56 MP: 23/23
  9412 | D:8      | Noticed a two-headed ogre
  9418 | D:8      | Killed a two-headed ogre
  9429 | D:8      | Found a staircase to the Lair.
  9526 | D:8      | Learned a level 3 spell: Stone Arrow
  9541 | D:8      | Noticed a queen ant
  9555 | D:8      | Offered knowledge of Iskenderun's Mystic Blast by Vehumet.
  9655 | D:8      | Noticed a two-headed ogre
  9660 | D:8      | Killed a two-headed ogre
  9660 | D:8      | Reached skill level 9 in Conjurations
  9846 | D:8      | Killed a queen ant
 10008 | D:8      | Reached skill level 10 in Fire Magic
 10230 | D:8      | Noticed a two-headed ogre
 10246 | D:8      | Killed a two-headed ogre
 10246 | D:8      | Reached XP level 11. HP: 62/62 MP: 1/25
 10452 | D:8      | Reached **** piety under Vehumet
 10653 | D:8      | Found Onuulial's Antique Armour Emporium.
 10656 | D:8      | Bought a buckler for 144 gold pieces
 10656 | D:8      | Bought a pair of boots for 144 gold pieces
 10724 | D:8      | Noticed a two-headed ogre
 10740 | D:8      | Killed a two-headed ogre
 10829 | D:8      | Reached skill level 1 in Shields
 11049 | Lair:1   | Entered Level 1 of the Lair of Beasts
 11053 | Lair:1   | Noticed Grum
 11056 | Lair:1   | Offered knowledge of Force Lance by Vehumet.
 11061 | Lair:1   | Killed Grum
 11221 | Lair:1   | Reached skill level 10 in Conjurations
 11225 | Lair:1   | Reached skill level 5 in Armour
 11948 | Lair:1   | Learned a level 4 spell: Force Lance
 12230 | Lair:2   | Reached skill level 5 in Fighting
 12696 | Lair:2   | Noticed a lindwurm
 12704 | Lair:2   | Killed a lindwurm
 12806 | Lair:2   | Noticed a four-headed hydra
 12810 | Lair:2   | Killed a four-headed hydra
 12965 | Lair:2   | Reached XP level 12. HP: 68/68 MP: 17/27
 13632 | Lair:2   | Noticed a death yak
 13651 | Lair:2   | Killed a death yak
 13651 | Lair:2   | Reached ***** piety under Vehumet
 13653 | Lair:2   | Noticed a death yak
 13660 | Lair:2   | Reached skill level 11 in Conjurations
 13667 | Lair:2   | Found a shadowy altar of Dithmenos.
 13967 | Lair:2   | Noticed a death yak
 13976 | Lair:2   | Killed a death yak
 13995 | Lair:2   | Killed a death yak
 13995 | Lair:2   | Reached skill level 10 in Spellcasting
 14096 | Lair:2   | Noticed a five-headed hydra
 14100 | Lair:2   | Killed a five-headed hydra
 14276 | Lair:2   | Offered knowledge of Bolt of Cold by Vehumet.
 14734 | Lair:3   | Found a hole to the Spider Nest.
 14889 | Lair:3   | Noticed a five-headed hydra
 14929 | Lair:3   | Killed a five-headed hydra
 15211 | Lair:3   | Learned a level 6 spell: Bolt of Cold
 15709 | Lair:4   | Noticed kalagan's ghost (journeyman GrEE)
 15713 | Lair:4   | Killed kalagan's ghost
 15893 | Lair:4   | Noticed Sonja
 15898 | Lair:4   | Killed Sonja
 16101 | Lair:4   | Noticed a four-headed hydra
 16105 | Lair:4   | Killed a four-headed hydra
 16222 | Lair:4   | Found a dark tunnel.
 16229 | Volcano  | Entered a volcano
 16244 | Volcano  | Reached XP level 13. HP: 51/74 MP: 19/29
 16249 | Volcano  | Reached skill level 12 in Conjurations
 17618 | Lair:4   | Found a staircase to the Swamp.
 17838 | Lair:4   | Found a runed door.
 18501 | Lair:5   | Reached skill level 1 in Evocations
 19273 | Lair:5   | Offered knowledge of Poison Arrow by Vehumet.
 19284 | Lair:5   | Reached skill level 10 in Dodging
 19535 | D:9      | Got a fine robe
 19546 | D:9      | Identified the +4 robe of Ulugh {MR+ rCorr Int+2 Dex+2} (You found it on level 9 of the Dungeon)
 19878 | D:9      | Learned a level 6 spell: Poison Arrow
 20234 | D:9      | Found a roughly hewn altar of Beogh.
 20373 | D:9      | Found a staircase to the Orcish Mines.
 21000 | D:9      | Found Loxylif's General Store.
 21010 | D:9      | Bought a potion of heal wounds for 65 gold pieces
 21010 | D:9      | Bought a scroll of acquirement for 676 gold pieces
 21514 | Orc:1    | Entered Level 1 of the Orcish Mines
 21631 | Orc:2    | Entered Level 2 of the Orcish Mines
 21631 | Orc:2    | Found a staircase to the Elven Halls.
 21964 | Orc:2    | Reached skill level 13 in Conjurations
 21991 | Orc:2    | Reached XP level 14. HP: 48/80 MP: 2/31
 22219 | Orc:2    | Offered knowledge of Bolt of Magma by Vehumet.
 22222 | Orc:2    | Reached skill level 1 in Poison Magic
 22447 | Orc:2    | Found Yhuar's Jewellery Shoppe.
 22447 | Orc:2    | Found Miniosy's Armour Shoppe.
 22448 | Orc:2    | Found Cenuduat's General Store.
 22448 | Orc:2    | Found Jausmomu's Book Shop.
 23060 | Orc:2    | Learned a level 5 spell: Bolt of Magma
 24138 | Orc:2    | Bought the +3 pair of gloves of Cyepneetwu {+Blink rPois Str+3 Dex-2} for 716 gold pieces
 25083 | Lair:6   | Entered Level 6 of the Lair of Beasts
 25091 | Lair:6   | Reached skill level 1 in Earth Magic
 25224 | Lair:6   | Offered knowledge of Yara's Violent Unravelling by Vehumet.
 25696 | Lair:5   | Reached skill level 5 in Shields
 25771 | Lair:6   | Noticed Snorg
 25777 | Lair:6   | Killed Snorg
 26626 | Lair:6   | Got a wavering steel ring
 26628 | Lair:6   | Identified the ring of Autumn {rF+ EV+2} (You found it on level 6 of the Lair of Beasts)
 26662 | Lair:6   | Found a staircase to the Slime Pits.
 27070 | Lair:6   | Found a large runed door.
 27070 | Lair:6   | Found a large runed door.
 27600 | Lair:6   | Noticed Josephine
 27612 | Lair:6   | Offered knowledge of Orb of Destruction by Vehumet.
 27715 | Lair:6   | Killed Josephine
 27715 | Lair:6   | Reached skill level 14 in Conjurations
 28310 | Lair:6   | Reached XP level 15. HP: 86/86 MP: 9/33
 28873 | D:6      | Killed Thaneod's ghost
 29054 | D:6      | Noticed Menkaure
 29057 | D:6      | Killed Menkaure
 29755 | D:10     | Entered Level 10 of the Dungeon
 30072 | D:10     | Found a roughly hewn altar of Beogh.
 30611 | D:10     | Reached skill level 5 in Evocations
 31575 | D:11     | Offered knowledge of Bolt of Fire by Vehumet.
 33812 | D:13     | Found a white marble altar of Elyvilon.
 33841 | D:13     | Noticed Erolcha
 33845 | D:13     | Killed Erolcha
 34018 | D:13     | Found a gate to the Vaults.
 34268 | D:14     | Noticed Rupert
 34624 | D:14     | Killed Rupert
 34993 | D:14     | Noticed Frances
 35000 | D:14     | Killed Frances
 35000 | D:14     | Reached skill level 5 in Earth Magic
 35339 | D:14     | Reached XP level 16. HP: 93/93 MP: 21/35
 35455 | D:14     | Got a polished flail
 35456 | D:14     | Identified the +5 flail "Irimongie" {protect, +Rage rC+ Str+3 Int+3} (You found it on level 14 of the Dungeon)
 35496 | D:14     | Got a bloodstained mace
 35497 | D:14     | Identified the +6 mace of Crystal {flame, *Rage +Inv rPois Str+3} (You found it on level 14 of the Dungeon)
 35524 | D:14     | Found a basalt altar of Yredelemnul.
 35526 | D:14     | Found a hazy altar of Hepliaklqana.
 35526 | D:14     | Found a basalt altar of Yredelemnul.
 35593 | D:14     | Found a white marble altar of Elyvilon.
 35593 | D:14     | Found a shattered altar of Ashenzari.
 35593 | D:14     | Found a shimmering altar of Xom.
 35694 | D:14     | Learned a level 6 spell: Bolt of Fire
 35714 | D:14     | Found Kisix's Distillery.
 35721 | D:14     | Bought a potion of heal wounds for 80 gold pieces
 35721 | D:14     | Bought a potion of heal wounds for 80 gold pieces
 35916 | D:15     | Entered Level 15 of the Dungeon
 35916 | D:15     | Found an opulent altar of Gozag.
 35916 | D:15     | Found Dudghigu's Jewellery Emporium.
 35936 | D:15     | Reached ****** piety under Vehumet
 36362 | D:15     | Reached skill level 15 in Conjurations
 36458 | D:15     | Found a staircase to the Depths.
 37213 | D:15     | Offered knowledge of Conjure Ball Lightning by Vehumet.
 37843 | Orc:2    | Bought a book of Battle for 560 gold pieces
 37848 | Orc:2    | Learned a level 2 spell: Shroud of Golubria
 38092 | Swamp:1  | Entered Level 1 of the Swamp
 38240 | Swamp:1  | Noticed Nikola
 38248 | Swamp:1  | Killed from afar by Nikola

Skill      XL: |  1  2  3  4  5  6  7  8  9 10 11 12 13 14 15 16 |
---------------+-------------------------------------------------+-----
Dodging        | 3 4 5 6 7 8 9 10 11 12 | 12.1
Conjurations   | 2 3 4 5 6 8 9 10 11 13 14 15 | 15.2
Fire Magic     | 4 5 6 7 8 10 11 12 13 14 | 14.6
Spellcasting   | 4 5 6 7 8 9 10 11 12 13 | 13.3
Fighting       | 1 2 3 4 5 6 7 8 |  8.5
Armour         | 1 2 3 4 5 6 7 8 9 |  9.0
Shields        | 3 4 5 |  5.5
Evocations     | 2 4 6 |  6.9
Poison Magic   | 1 2 |  2.0
Earth Magic    | 3 5 |  5.9
Stealth        | |  2.4

Action                   |  1- 3 |  4- 6 |  7- 9 | 10-12 | 13-15 | 16-18 || total
-------------------------+-------+-------+-------+-------+-------+-------++-------
Melee: Dagger            |       |    13 |    12 |    14 |    49 |       ||    88
       Long sword        |       |       |    14 |       |       |       ||    14
       Scimitar          |       |       |       |       |    76 |       ||    76
       Flail             |       |       |       |       |       |     4 ||     4
Throw: Javelin           |       |       |       |     1 |     4 |       ||     5
 Cast: Flame Tongue      |    54 |    74 |   116 |    93 |    78 |     1 ||   416
       Throw Flame       |    12 |    15 |    21 |    11 |       |       ||    59
       Conjure Flame     |     2 |     9 |    16 |    16 |    29 |       ||    72
       Inner Flame       |       |     3 |     2 |     3 |     2 |       ||    10
       Sticky Flame      |       |     2 |    20 |    52 |    96 |     5 ||   175
       Fireball          |       |       |    14 |    73 |   201 |    45 ||   333
       Searing Ray       |       |       |     6 |     2 |     2 |       ||    10
       Stone Arrow       |       |       |       |    58 |    68 |    19 ||   145
       Force Lance       |       |       |       |    26 |   127 |     8 ||   161
       Poison Arrow      |       |       |       |       |    46 |     2 ||    48
       Bolt of Cold      |       |       |       |       |     2 |       ||     2
       Bolt of Magma     |       |       |       |       |   177 |    21 ||   198
       Bolt of Fire      |       |       |       |       |       |    19 ||    19
 Abil: Evoke Blink       |       |       |       |       |     2 |       ||     2
Evoke: Staff of energy   |       |       |       |       |    29 |       ||    29
       Wand              |       |       |       |       |     4 |       ||     4
  Use: Scroll            |       |    13 |     8 |     9 |    20 |     2 ||    52
       Potion            |       |     1 |     1 |     1 |     1 |       ||     4
 Stab: Sleeping          |       |     1 |     1 |       |     3 |       ||     5
  Eat: Chunk             |     3 |    11 |    15 |    41 |    85 |    11 ||   166
       Meat ration       |       |       |     1 |     1 |     2 |       ||     4
Armor: Robe              |     2 |       |       |       |   135 |     4 ||   141
       Leather armour    |       |     7 |    19 |    30 |     7 |       ||    63
       Fire dragon scale |       |       |       |       |       |     7 ||     7
Dodge: Dodged            |    11 |    11 |    33 |    83 |   326 |    10 ||   474
Block: Buckler           |       |       |       |    11 |    88 |     7 ||   106
       Rpst.: Long sword |       |       |     3 |       |       |       ||     3
       Scimitar          |       |       |       |       |    73 |       ||    73
